Description

팀플전 혹은 저티어 테란전에 유용한 2의료선 드랍빌드. 5분전에 적진에 2의료선 드랍해 피해를 주는 빌드.

Build Order

Why is there no SALT encoding or Overwolf build?

  14  0:18  Supply Depot  
  16  0:41  Barracks  
  16  0:44  Refinery  
  19  1:29  Orbital Command  
  19  1:30  Barracks  
  19  1:31  Refinery  
  19  1:35  Barracks Reactor  
  19  1:51  Supply Depot  가스일꾼, 이후 보급고 꾸준히
  20  2:07  Factory  
  21  2:12  Marine x2  이후 해병 꾸준히
  23  2:17  Barracks Tech Lab  
  28  2:38  Marine, Stimpack  이후 해병 꾸준히
  31  2:53  Starport  
  31  2:56  Factory Reactor  
  38  3:32  Action  우공, 군수 스왑
  38  3:36  Medivac x2  
  46  3:53  Factory Tech Lab  
    4:00  Action  적진에 스캔
    4:20  Combat Shield  
    4:26  Siege Tank  
    5:00  Command Center  앞마당
Spawning Tool Build Advisor. Get it on Overwolf

Go to:

Details

  • Created by: bookshelf421
  • Published on: Oct 25, 2020
  • Modified on: Oct 25, 2020
  • Patch: 4.11.0
  • Difficulty: Easy
Show

Export as new Build Order

Comments (0)

There are no comments. Be the first!

Create an account to comment!